TOP OF THE 1ST |
Rancho Cucamonga Quakes batting - Pitching for Sacramento Volunteers : RHP Wikelman Gonzalez
|
Pitching: RHP Wikelman Gonzalez
|
|
Batting: LHB Joey Loperfido
|
0-0: Called Strike 0-1: SINGLE (Flyball, 34D, EV 88.8 MPH)
|
Batting: RHB Eric Brown Jr.
|
0-0: Ball 1-0: Swinging Strike 1-1: SINGLE (Groundball, 56D, EV 99.4 MPH) Joey Loperfido to second
|
Batting: RHB Malcom Nunez
|
0-0: Ball 1-0: Ball 2-0: Ball 3-0: Called Strike 3-1: Foul Ball, location: 5FF 3-2: Foul Ball, location: 25F 3-2: Foul Ball, location: 9LSF 3-2: Base on Balls Joey Loperfido to third Eric Brown Jr. to second
|
Batting: LHB Cody Morissette
|
0-0: Fly out, F7 (Flyball, 7D, EV 91.3 MPH) Runner from 3rd tags up, SCORES, throw by LF Eric Brown Jr. to third
|
Batting: RHB Matthew Barefoot
|
0-0: Ball 1-0: Foul Ball, location: 25F 1-1: Foul Ball, location: 2RF 1-2: Strikes out swinging
|
Batting: RHB Axel Sanchez
|
0-0: Foul Ball, location: 2F 0-1: Foul Ball, location: 5DF 0-2: Foul Ball, location: 2F 0-2: Strikes out looking
|
Top of the 1st over - 1 run, 2 hits, 0 errors, 2 left on base; Rancho Cucamonga 1 - Sacramento 0 |
BOTTOM OF THE 1ST |
Sacramento Volunteers batting - Pitching for Rancho Cucamonga Quakes : RHP Peyton Stumbo
|
Pitching: RHP Peyton Stumbo
|
|
Batting: LHB Chris Newell
|
0-0: Ball 1-0: Foul Ball, location: 25F 1-1: Ball 2-1: Called Strike 2-2: Ball 3-2: Fly out, F4 (Popup, 13S, EV 80.0 MPH)
|
Batting: LHB Termarr Johnson
|
0-0: Ball 1-0: Ball 2-0: Fly out, F9 (Flyball, 9S, EV 85.0 MPH)
|
Batting: SHB Charles McAdoo
|
0-0: Called Strike 0-1: Ball 1-1: Ball 2-1: Swinging Strike 2-2: Strikes out swinging
|
Bottom of the 1st over - 0 runs, 0 hits, 0 errors, 0 left on base; Rancho Cucamonga 1 - Sacramento 0 |
TOP OF THE 2ND |
Rancho Cucamonga Quakes batting - Pitching for Sacramento Volunteers : RHP Wikelman Gonzalez
|
Batting: RHB Julian Brock
|
0-0: Foul Ball, location: 9LDF 0-1: Called Strike 0-2: Ball 1-2: SINGLE (Line Drive, 7S, EV 91.3 MPH)
|
Batting: RHB Jordan Nwogu
|
0-0: Ball 1-0: Foul Ball, location: 2F 1-1: Ball Wild Pitch! Julian Brock to second 2-1: Ball 3-1: Swinging Strike 3-2: Base on Balls
|
Batting: RHB Ben Malgeri
|
0-0: Bunt missed! 0-1: Ball 1-1: Ball 2-1: Bunt missed! 2-2: DOUBLE (Line Drive, 89D, EV 98.1 MPH) Julian Brock scores Jordan Nwogu to third
|
Batting: LHB Joey Loperfido
|
0-0: Swinging Strike 0-1: Swinging Strike 0-2: Foul Ball, location: 7LDF 0-2: Ball 1-2: Foul Ball, location: 3FF 1-2: SINGLE (Line Drive, 34, EV 98.8 MPH) Jordan Nwogu scores Ben Malgeri to third
|
Batting: RHB Eric Brown Jr.
|
0-0: Called Strike 0-1: Called Strike 0-2: Ball 1-2: Ball 2-2: Fly out, F8 (Flyball, 8RM, EV 85.6 MPH) Runner from 3rd tags up, SCORES, throw by CF
|
Batting: RHB Malcom Nunez
|
0-0: Ball 1-0: Called Strike Joey Loperfido is caught stealing 2nd base 2-4 1-1: Foul Ball, location: 2F 1-2: Foul Ball, location: 23FF 1-2: Ground out U3 (Groundball, 3L, EV 88.1 MPH)
|
Top of the 2nd over - 3 runs, 3 hits, 0 errors, 0 left on base; Rancho Cucamonga 4 - Sacramento 0 |
BOTTOM OF THE 2ND |
Sacramento Volunteers batting - Pitching for Rancho Cucamonga Quakes : RHP Peyton Stumbo
|
Batting: LHB Colton Ledbetter
|
0-0: Ball 1-0: Ground out 6-3 (Groundball, 6, EV 92.5 MPH)
|
Batting: LHB Daylen Lile
|
0-0: Ball 1-0: Swinging Strike 1-1: Ground out 4-3 (Groundball, 4, EV 86.9 MPH)
|
Batting: RHB Rio Foster
|
0-0: Ball 1-0: Foul Ball, location: 7LMF 1-1: Swinging Strike 1-2: Ground out 6-3 (Groundball, 6, EV 89.4 MPH)
|
Bottom of the 2nd over - 0 runs, 0 hits, 0 errors, 0 left on base; Rancho Cucamonga 4 - Sacramento 0 |
TOP OF THE 3RD |
Rancho Cucamonga Quakes batting - Pitching for Sacramento Volunteers : RHP Wikelman Gonzalez
|
Batting: LHB Cody Morissette
|
0-0: Called Strike 0-1: Ball 1-1: Ball 2-1: Foul Ball, location: 23F 2-2: Ball 3-2: Foul Ball, location: 5FF 3-2: Base on Balls
|
Batting: RHB Matthew Barefoot
|
0-0: Ball Cody Morissette steals 2nd base 1-0: Called Strike 1-1: Swinging Strike 1-2: Foul Ball, location: 2LF 1-2: Foul Ball, location: 23FF 1-2: Strikes out swinging
|
Batting: RHB Axel Sanchez
|
0-0: Called Strike 0-1: Ball 1-1: SINGLE (Groundball, 56, EV 83.8 MPH) Cody Morissette to third
|
Batting: RHB Julian Brock
|
0-0: Ball 1-0: Ball Axel Sanchez steals 2nd base 2-0: Fly out, F3 (Popup, 23F, EV 83.8 MPH)
|
Batting: RHB Jordan Nwogu
|
0-0: Ball 1-0: Called Strike 1-1: Ball 2-1: Ball 3-1: Foul Ball, location: 2F 3-2: Strikes out looking
|
Top of the 3rd over - 0 runs, 1 hit, 0 errors, 2 left on base; Rancho Cucamonga 4 - Sacramento 0 |
BOTTOM OF THE 3RD |
Sacramento Volunteers batting - Pitching for Rancho Cucamonga Quakes : RHP Peyton Stumbo
|
Batting: RHB Jacob Reimer
|
0-0: Called Strike 0-1: Foul Ball, location: 23F 0-2: Ball 1-2: Ball 2-2: Ground out 6-3 (Groundball, 6, EV 77.5 MPH)
|
Batting: LHB Ben Rice
|
0-0: Ball 1-0: Ball 2-0: Ball 3-0: Ground out 1-3 (Groundball, 13S, EV 71.9 MPH)
|
Batting: RHB Jared Serna
|
0-0: Ball 1-0: Ball 2-0: Called Strike 2-1: Foul Ball, location: 3F 2-2: Ball 3-2: Strikes out swinging
|
Bottom of the 3rd over - 0 runs, 0 hits, 0 errors, 0 left on base; Rancho Cucamonga 4 - Sacramento 0 |
TOP OF THE 4TH |
Rancho Cucamonga Quakes batting - Pitching for Sacramento Volunteers : RHP Wikelman Gonzalez
|
Batting: RHB Ben Malgeri
|
0-0: Called Strike 0-1: Ball 1-1: Swinging Strike 1-2: Ball 2-2: Ground out 6-3 (Groundball, 6, EV 85.0 MPH)
|
Batting: LHB Joey Loperfido
|
0-0: Ball 1-0: Foul Ball, location: 23FF 1-1: Called Strike 1-2: Fly out, F6 (Popup, 4MD, EV 45.0 MPH)
|
Batting: RHB Eric Brown Jr.
|
0-0: Ball 1-0: Called Strike 1-1: Called Strike 1-2: Strikes out swinging
|
Top of the 4th over - 0 runs, 0 hits, 0 errors, 0 left on base; Rancho Cucamonga 4 - Sacramento 0 |
BOTTOM OF THE 4TH |
Sacramento Volunteers batting - Pitching for Rancho Cucamonga Quakes : RHP Peyton Stumbo
|
Batting: LHB Chris Newell
|
0-0: Swinging Strike 0-1: Ball 1-1: Called Strike 1-2: Fly out, F9 (Flyball, 89D, EV 94.4 MPH)
|
Batting: LHB Termarr Johnson
|
0-0: Ball 1-0: Ball 2-0: Foul Ball, location: 2F 2-1: Ball 3-1: Foul Ball, location: 25F 3-2: Fly out, F9 (Line Drive, 9LM, EV 93.8 MPH)
|
Batting: SHB Charles McAdoo
|
0-0: Ball 1-0: SINGLE (Line Drive, 89S, EV 109.4 MPH)
|
Batting: LHB Colton Ledbetter
|
0-0: SINGLE (Line Drive, 6M, EV 98.1 MPH) Charles McAdoo to second
|
Batting: LHB Daylen Lile
|
0-0: Ball 1-0: Called Strike 1-1: SINGLE (Line Drive, 8RS, EV 109.4 MPH) Charles McAdoo to third Colton Ledbetter to second
|
Batting: RHB Rio Foster
|
0-0: Ball 1-0: Swinging Strike 1-1: Swinging Strike 1-2: Fielders Choice at 2nd, 6-4 (Groundball, 6, EV 86.3 MPH)
|
Bottom of the 4th over - 0 runs, 3 hits, 0 errors, 3 left on base; Rancho Cucamonga 4 - Sacramento 0 |
TOP OF THE 5TH |
Rancho Cucamonga Quakes batting - Pitching for Sacramento Volunteers : RHP Wikelman Gonzalez
|
Pitching: RHP Noah Hall
|
|
Batting: RHB Malcom Nunez
|
0-0: Ball 1-0: Ball 2-0: Ball 3-0: Called Strike 3-1: Foul Ball, location: 9LMF 3-2: Ground out 5-3 (Groundball, 5, EV 84.4 MPH)
|
Batting: LHB Cody Morissette
|
0-0: Ball 1-0: DOUBLE (Line Drive, 89D, EV 85.0 MPH)
|
Batting: RHB Matthew Barefoot
|
0-0: Foul Ball, location: 9LDF 0-1: Foul Ball, location: 7LMF 0-2: Strikes out swinging
|
Batting: RHB Axel Sanchez
|
0-0: Ground out 5-3 (Groundball, 56S, EV 73.1 MPH)
|
Top of the 5th over - 0 runs, 1 hit, 0 errors, 1 left on base; Rancho Cucamonga 4 - Sacramento 0 |
BOTTOM OF THE 5TH |
Sacramento Volunteers batting - Pitching for Rancho Cucamonga Quakes : RHP Peyton Stumbo
|
Batting: RHB Jacob Reimer
|
0-0: Ball 1-0: Called Strike 1-1: Ball 2-1: Foul Ball, location: 2F 2-2: SINGLE (Groundball, 34D, EV 102.5 MPH)
|
Batting: LHB Ben Rice
|
0-0: Ball 1-0: Fly out, F9 (Flyball, 9, EV 96.3 MPH)
|
Batting: RHB Jared Serna
|
0-0: Called Strike 0-1: Ball 1-1: Ball 2-1: Foul Ball, location: 3F 2-2: Ball 3-2: SINGLE (Groundball, 4D, EV 101.9 MPH) Jacob Reimer to second Runner from 2nd tries for 3rd, SAFE, no throw by CF
|
Batting: LHB Chris Newell
|
0-0: Ball 1-0: Foul Ball, location: 5DF 1-1: Fielders Choice at 2nd, 1-6 (Groundball, P, EV 68.8 MPH)
|
Batting: LHB Termarr Johnson
|
0-0: Fly out, F9 (Flyball, 89D, EV 107.5 MPH)
|
Bottom of the 5th over - 0 runs, 2 hits, 0 errors, 2 left on base; Rancho Cucamonga 4 - Sacramento 0 |
TOP OF THE 6TH |
Rancho Cucamonga Quakes batting - Pitching for Sacramento Volunteers : RHP Noah Hall
|
Batting: RHB Julian Brock
|
0-0: Called Strike 0-1: Swinging Strike 0-2: SINGLE (Flyball, 6MD, EV 91.3 MPH)
|
Batting: RHB Jordan Nwogu
|
0-0: Ball 1-0: Fielders Choice at 2nd, 5-4 (Groundball, 5L, EV 85.0 MPH)
|
Batting: RHB Ben Malgeri
|
0-0: Ball 1-0: Called Strike 1-1: Ball 2-1: Called Strike 2-2: SINGLE (Groundball, 6MD, EV 96.9 MPH) Jordan Nwogu to second Runner from 2nd tries for 3rd, SAFE, throw by CF made to third
|
Batting: LHB Joey Loperfido
|
0-0: Called Strike 0-1: Ball 1-1: Called Strike 1-2: Foul Ball, location: 7LSF 1-2: Foul Ball, location: 23F 1-2: Foul Ball, location: 25F 1-2: DOUBLE (Line Drive, 9LS, EV 95.6 MPH) Jordan Nwogu scores Ben Malgeri to third
|
Batting: RHB Eric Brown Jr.
|
0-0: Called Strike 0-1: Fly out, F9 (Line Drive, 9, EV 87.5 MPH) Runner from 3rd tags up, SCORES, throw by RF
|
Batting: RHB Malcom Nunez
|
0-0: Ball 1-0: Ball 2-0: Called Strike 2-1: Swinging Strike 2-2: Fly out, F3 (Popup, 3F, EV 65.0 MPH)
|
Top of the 6th over - 2 runs, 3 hits, 0 errors, 1 left on base; Rancho Cucamonga 6 - Sacramento 0 |
BOTTOM OF THE 6TH |
Sacramento Volunteers batting - Pitching for Rancho Cucamonga Quakes : RHP Peyton Stumbo
|
Batting: SHB Charles McAdoo
|
0-0: Ball 1-0: Ball 2-0: Foul Ball, location: 2F 2-1: Ball 3-1: Swinging Strike 3-2: Base on Balls
|
Batting: LHB Colton Ledbetter
|
0-0: Called Strike 0-1: SINGLE (Line Drive, 9LS, EV 83.8 MPH) Charles McAdoo to second
|
Batting: LHB Daylen Lile
|
0-0: Ball 1-0: Fly out, F8 (Flyball, 8LM, EV 84.4 MPH)
|
Batting: RHB Rio Foster
|
0-0: Called Strike 0-1: Swinging Strike 0-2: Ball 1-2: Ball 2-2: Ball 3-2: Fly out, F7 (Line Drive, 78S, EV 90.0 MPH)
|
Pitching: RHP Travis Adams
|
|
Batting: RHB Jacob Reimer
|
0-0: Ball 1-0: Called Strike 1-1: Ground out 4-3 (Groundball, 34, EV 103.1 MPH)
|
Bottom of the 6th over - 0 runs, 1 hit, 0 errors, 2 left on base; Rancho Cucamonga 6 - Sacramento 0 |
TOP OF THE 7TH |
Rancho Cucamonga Quakes batting - Pitching for Sacramento Volunteers : RHP Noah Hall
|
Batting: LHB Cody Morissette
|
0-0: Swinging Strike 0-1: Foul Ball, location: 7LMF 0-2: Ball 1-2: Strikes out swinging
|
Batting: RHB Matthew Barefoot
|
0-0: Ball 1-0: Swinging Strike 1-1: Foul Ball, location: 23F 1-2: Foul Ball, location: 5F 1-2: Strikes out swinging
|
Batting: RHB Axel Sanchez
|
0-0: Called Strike 0-1: Ball 1-1: Ground out 4-3 (Groundball, 34, EV 103.8 MPH)
|
Top of the 7th over - 0 runs, 0 hits, 0 errors, 0 left on base; Rancho Cucamonga 6 - Sacramento 0 |
BOTTOM OF THE 7TH |
Sacramento Volunteers batting - Pitching for Rancho Cucamonga Quakes : RHP Travis Adams
|
Batting: LHB Ben Rice
|
0-0: Called Strike 0-1: Ball 1-1: Called Strike 1-2: Ball 2-2: Ground out U3 (Groundball, 3L, EV 88.1 MPH)
|
Batting: RHB Jared Serna
|
0-0: Ball 1-0: Called Strike 1-1: Ball 2-1: Called Strike 2-2: Strikes out looking
|
Batting: LHB Chris Newell
|
0-0: Called Strike 0-1: Ball 1-1: Fly out, F7 (Line Drive, 8LS, EV 106.9 MPH)
|
Bottom of the 7th over - 0 runs, 0 hits, 0 errors, 0 left on base; Rancho Cucamonga 6 - Sacramento 0 |
TOP OF THE 8TH |
Rancho Cucamonga Quakes batting - Pitching for Sacramento Volunteers : RHP Noah Hall
|
Pitching: RHP Raimon Gomez
|
|
Batting: RHB Julian Brock
|
0-0: Ball 1-0: Foul Ball, location: 5DF 1-1: Swinging Strike 1-2: Foul Ball, location: 25F 1-2: Strikes out swinging
|
Batting: RHB Jordan Nwogu
|
0-0: Called Strike 0-1: Foul Ball, location: 7LMF 0-2: Ball 1-2: Strikes out swinging
|
Batting: RHB Ben Malgeri
|
0-0: Ground out 6-3 (Groundball, 6, EV 81.3 MPH)
|
Top of the 8th over - 0 runs, 0 hits, 0 errors, 0 left on base; Rancho Cucamonga 6 - Sacramento 0 |
BOTTOM OF THE 8TH |
Sacramento Volunteers batting - Pitching for Rancho Cucamonga Quakes : RHP Travis Adams
|
Batting: LHB Termarr Johnson
|
0-0: Called Strike 0-1: Called Strike 0-2: Ball 1-2: Fly out, F9 (Flyball, 9, EV 85.0 MPH)
|
Batting: SHB Charles McAdoo
|
0-0: Foul Ball, location: 9LMF 0-1: Ground out 4-3 (Groundball, 4S, EV 83.1 MPH)
|
Batting: LHB Colton Ledbetter
|
0-0: Ball 1-0: Called Strike 1-1: Swinging Strike 1-2: Strikes out swinging
|
Bottom of the 8th over - 0 runs, 0 hits, 0 errors, 0 left on base; Rancho Cucamonga 6 - Sacramento 0 |
TOP OF THE 9TH |
Rancho Cucamonga Quakes batting - Pitching for Sacramento Volunteers : RHP Raimon Gomez
|
Batting: LHB Joey Loperfido
|
0-0: Ball 1-0: Called Strike 1-1: Foul Ball, location: 25F 1-2: Foul Ball, location: 3F 1-2: Ball 2-2: Strikes out swinging
|
Batting: RHB Eric Brown Jr.
|
0-0: Ball 1-0: Called Strike 1-1: Called Strike 1-2: TRIPLE (Line Drive, 89XD, EV 110.0 MPH)
|
Batting: RHB Malcom Nunez
|
0-0: Ground out 5-3 (Groundball, 56, EV 87.5 MPH) Eric Brown Jr. scores
|
Batting: LHB Cody Morissette
|
0-0: Foul Ball, location: 7LDF 0-1: Ball 1-1: SINGLE (Line Drive, 89S, EV 91.9 MPH)
|
Batting: RHB Matthew Barefoot
|
0-0: Hit by Pitch Cody Morissette to second
|
Batting: RHB Axel Sanchez
|
0-0: Ball 1-0: Ball 2-0: SINGLE (Groundball, 6MS, EV 90.6 MPH) (infield hit) Cody Morissette to third Matthew Barefoot to second
|
Pinch Hitting: RHB Nerio Rodriguez
|
0-0: Called Strike 0-1: Swinging Strike 0-2: Ball 1-2: Ball 2-2: Ball 3-2: Strikes out swinging
|
Top of the 9th over - 1 run, 3 hits, 0 errors, 3 left on base; Rancho Cucamonga 7 - Sacramento 0 |
BOTTOM OF THE 9TH |
Sacramento Volunteers batting - Pitching for Rancho Cucamonga Quakes : RHP Travis Adams
|
Now at C: Nerio Rodriguez
|
|
Batting: LHB Daylen Lile
|
0-0: Ball 1-0: Foul Ball, location: 5DF 1-1: Swinging Strike 1-2: Foul Ball, location: 5DF 1-2: Foul Ball, location: 2F 1-2: Ground out U3 (Groundball, 3, EV 93.1 MPH)
|
Batting: RHB Rio Foster
|
0-0: Called Strike 0-1: Fly out, F7 (Flyball, 7, EV 92.5 MPH)
|
Batting: RHB Jacob Reimer
|
0-0: Foul Ball, location: 2F 0-1: Ball 1-1: Ball 2-1: Foul Ball, location: 9LSF 2-2: Ball 3-2: Foul Ball, location: 25FF 3-2: SINGLE (Line Drive, 78S, EV 101.9 MPH)
|
Batting: LHB Ben Rice
|
0-0: Ground out 4-3 (Groundball, 4, EV 100.6 MPH)
|
Bottom of the 9th over - 0 runs, 1 hit, 0 errors, 1 left on base; Rancho Cucamonga 7 - Sacramento 0 |
|